Map: Turbo Cruise '84 LE

Players

liquidthermy (uThermal) - Winner!

  • Race: Terran Terran
  • League: Grandmaster
  • Spawn Location: 7:00

Namshar

  • Race: Zerg Zerg
  • League: Grandmaster
  • Spawn Location: 3:00

Event: 2019 Assembly Summer

VOD

Have the link to the VOD?

Description

Time

  • Played on: Aug. 1, 2019, 12:03 p.m.
  • Length: 11:17

All games in this series

Show
View Real Time Build Order
Export as new Build Order

liquidthermy Terran - Winner!

Build Orders: Liberator Opening, Reaper Expand 

Get SALT Encoding   

  12  0:01  SCV  
  13  0:13  SCV  
  14  0:17  Supply Depot  
  14  0:25  SCV  
  15  0:38  SCV  
  15  0:39  Barracks  
  16  0:44  Refinery  
  16  0:50  SCV  
  17  1:03  SCV  
  18  1:15  SCV  
  19  1:27  Reaper, Orbital Command  
  20  1:42  Command Center  
  20  1:53  Supply Depot, SCV  
  21  1:58  Marine  
  22  2:05  SCV  
  23  2:11  Factory  
  23  2:18  SCV  
  23  2:21  Barracks Reactor  
  24  2:30  SCV  
  24  2:36  Refinery  
  25  2:42  SCV  
  26  2:54  SCV  
  26  2:55  Orbital Command  
  27  2:58  Starport  
  27  3:01  Hellion x2  
  31  3:06  SCV  
  32  3:17  Liberator  
  32  3:18  Barracks Tech Lab, SCV  
  32  3:19  Supply Depot  
  33  3:21  SCV  
  33  3:24  Hellion x2  
  38  3:30  SCV  
  38  3:33  SCV  
  43  3:42  Supply Depot  
  43  3:43  SCV  
  43  3:45  SCV  
  43  3:46  Hellion  
  47  3:49  Hellion  
  47  3:55  SCV  
  50  3:57  SCV  
  51  4:05  Command Center  
  51  4:09  SCV  
  52  4:13  SCV  
  52  4:15  Marine  
  52  4:16  Stimpack  
  54  4:21  SCV  
  54  4:23  Factory Tech Lab  
  53  4:25  SCV  
  53  4:27  Starport Reactor  
  54  4:32  Barracks  
  54  4:33  Marine, Barracks  
  54  4:35  SCV  
  54  4:37  SCV  
  57  4:43  Engineering Bay  
  57  4:44  Engineering Bay  
  57  4:47  SCV  
  57  4:50  Marine, Refinery  
  57  4:51  Refinery  
  59  4:54  SCV  
  59  4:55  Supply Depot  
  60  5:01  SCV  
  60  5:06  SCV  
  60  5:16  Siege Tank, SCV  
  60  5:18  Terran Infantry Armor Level 1, Terran Infantry Weapons Level 1  
  60  5:19  Orbital Command  
  64  5:23  Marine x2  
  64  5:24  Marine  
  64  5:26  Starport Reactor  
  64  5:28  Marine x2  
  64  5:29  SCV  
  64  5:30  SCV  
  68  5:39  Barracks, Orbital Command  
  68  5:40  Barracks  
  68  5:41  Marine, SCV  
  70  5:43  Marine x2  
  70  5:46  Marine  
  70  5:47  Marine, SCV  
  75  5:51  Siege Tank  
  75  5:54  Supply Depot  
  75  5:55  SCV  
  79  5:58  Marine  
  79  5:59  SCV  
  79  6:01  Armory  
  79  6:03  Marine  
  82  6:04  Supply Depot  
  82  6:06  Medivac  
  82  6:09  SCV  
  85  6:15  Medivac  
  85  6:16  Marine x2, SCV  
  85  6:17  Supply Depot  
  90  6:19  Marine  
  90  6:20  Combat Shield  
  90  6:22  SCV x2  
  93  6:25  Marine x2  
  93  6:27  Barracks Reactor  
  93  6:28  Barracks Reactor  
  93  6:31  Siege Tank  
  98  6:33  SCV  
  98  6:38  Supply Depot  
  98  6:39  Marine x2  
  101  6:40  Supply Depot  
  101  6:41  SCV x2  
  101  6:45  Medivac, SCV  
  101  6:47  Medivac  
  108  6:50  Marine x3  
  109  6:59  Marine x2, SCV x2  
  113  7:02  Supply Depot  
  113  7:04  Supply Depot, SCV  
  113  7:08  Marine x4  
  116  7:09  Marine x2  
  116  7:11  Supply Depot  
  116  7:12  SCV  
  116  7:13  Terran Infantry Weapons Level 2  
  121  7:20  Marine, Terran Infantry Armor Level 2  
  121  7:21  Marine  
  63  7:22  Medivac  
  123  7:23  Marine  
  123  7:26  Marine  
  123  7:28  Supply Depot, Marine  
  116  7:31  Marine  
  116  7:33  Marine  
  116  7:34  Marine x2  
  116  7:35  Terran Vehicle Weapons Level 1  
  120  7:37  SCV  
  120  7:39  Marine x2, Refinery  
  120  7:41  Supply Depot, Marine  
  120  7:44  Marine  
  124  7:46  Marine  
  124  7:48  Siege Tank, SCV  
  124  7:49  Marine, SCV  
  132  7:51  Marine  
  132  7:52  Marine  
  132  7:54  Marine  
  132  7:55  Factory  
  132  7:57  Marine  
  136  8:02  Marine x3  
  136  8:03  Supply Depot  
  139  8:07  Medivac  
  139  8:10  Marine  
  142  8:15  Marine x4, Medivac  
  142  8:16  Marine  
  149  8:20  Marine x2  
  149  8:26  Siege Tank  
  149  8:27  Marine, Command Center  
  154  8:30  Marine  
  156  8:35  Marine x3  
  156  8:36  Supply Depot  
  156  8:37  Medivac  
  156  8:38  Marine  
  162  8:41  Factory Tech Lab  
  162  8:44  Marine  
  162  8:45  Sensor Tower  
  162  8:47  Marine x3  
  166  8:50  Marine  
  166  8:54  Supply Depot, Medivac  
  169  8:55  Marine  
  169  8:56  Marine  
  169  8:57  Marine  
  172  9:03  Siege Tank  
  172  9:04  Marine  
  172  9:05  Marine  
  172  9:07  Medivac  
  179  9:10  Marine x2  
  179  9:15  Marine, Siege Tank  
  185  9:19  Supply Depot, Marine x2  
  185  9:20  Marine x2  
  189  9:24  Supply Depot  
  189  9:38  Marine, Medivac  
  192  9:43  Marine  
  193  9:45  Siege Tank  
  193  9:48  Siege Tank  
  193  9:49  Marine  
  193  9:52  Barracks x3  
  200  10:13  Marine, Medivac  
  188  10:17  Siege Tank  
  188  10:18  Marine x6  
  191  10:23  Siege Tank  
  191  10:25  Marine  
  191  10:26  Command Center  
  195  10:33  Planetary Fortress  
  195  10:34  SCV  
  195  10:35  Marine  
  196  10:36  Marine x3  
  184  10:46  Marine  
  184  10:47  Marine  
  184  10:49  Marine x2  
  171  10:54  Marine  
  171  10:55  Marine x6  
  165  10:57  Marine  
Show
View Real Time Build Order
Export as new Build Order

Namshar Zerg 

Build Orders: Hatch First 

Get SALT Encoding   

  12  0:00  Drone  
  13  0:12  Overlord  
  13  0:17  Drone  
  14  0:30  Drone x2  
  16  0:48  Hatchery  
  15  0:51  Drone  
  15  0:56  Drone  
  17  0:58  Drone  
  18  1:11  Extractor  
  17  1:14  Spawning Pool  
  17  1:17  Drone  
  17  1:20  Drone  
  18  1:28  Drone  
  19  1:38  Drone  
  20  1:49  Drone  
  21  2:00  Queen  
  21  2:01  Zergling x2, Queen  
  23  2:02  Zergling x2  
  27  2:20  Hatchery  
  26  2:30  Metabolic Boost  
  26  2:35  Overlord  
  26  2:46  Overlord  
  26  2:48  Drone x2  
  28  2:53  Drone x3  
  28  2:55  Queen  
  33  2:59  Drone  
  33  3:04  Drone  
  35  3:12  Drone x4  
  39  3:18  Queen  
  41  3:20  Drone  
  41  3:25  Overlord  
  42  3:28  Drone  
  42  3:31  Drone  
  44  3:35  Queen  
  46  3:43  Overlord  
  46  3:45  Drone x2  
  46  3:47  Queen  
  50  3:52  Drone x2  
  50  3:53  Overlord  
  52  3:58  Baneling Nest  
  52  4:01  Drone  
  52  4:03  Zergling x4  
  52  4:09  Overlord  
  54  4:12  Queen  
  54  4:13  Drone  
  54  4:14  Drone  
  58  4:18  Zergling x4  
  58  4:23  Drone x3  
  63  4:26  Overlord  
  63  4:27  Drone  
  64  4:36  Zergling x2  
  65  4:40  Drone x3  
  65  4:42  Baneling x3  
  65  4:43  Baneling  
  68  4:48  Drone x7  
  75  4:53  Extractor  
  75  4:55  Extractor  
  75  4:58  Drone x5  
  75  5:04  Drone  
  74  5:10  Drone x2  
  74  5:15  Drone  
  74  5:21  Drone x5  
  80  5:27  Drone  
  81  5:31  Lair  
  81  5:34  Drone x3, Evolution Chamber x2  
  82  5:41  Drone  
  83  5:43  Extractor  
  83  5:44  Overlord x2, Extractor  
  83  5:47  Hatchery  
  80  5:51  Overlord x2, Zergling x4  
  82  6:00  Drone x2  
  82  6:02  Zerg Ground Armor Level 1, Zerg Melee Weapons Level 1  
  84  6:10  Pneumatized Carapace  
  84  6:11  Drone x4, Overlord  
  87  6:13  Zergling x4  
  87  6:14  Zergling x2  
  91  6:19  Drone x2  
  91  6:20  Zergling x2  
  91  6:21  Zergling x2  
  95  6:26  Drone, Overlord  
  95  6:27  Centrifical Hooks  
  96  6:34  Zergling x2  
  96  6:35  Zergling x12  
  103  6:40  Zergling x2  
  103  6:41  Zergling x2  
  102  6:48  Zergling x2  
  102  6:49  Zergling x8  
  105  6:54  Drone  
  105  6:55  Drone  
  105  6:57  Infestation Pit  
  105  7:00  Queen  
  107  7:02  Zergling x8  
  107  7:05  Drone x2, Overlord  
  113  7:11  Hydralisk Den  
  113  7:13  Zergling x4  
  114  7:18  Baneling x8  
  106  7:33  Drone x3  
  106  7:34  Drone  
  110  7:39  Drone  
  110  7:40  Hatchery  
  110  7:41  Drone x2, Extractor  
  110  7:42  Drone  
  110  7:43  Muscular Augments  
  112  7:44  Overlord  
  112  7:45  Hydralisk x5  
  112  7:46  Hydralisk x2, Hive  
  112  7:47  Zergling x6  
  129  7:54  Overlord x2  
  129  7:56  Hydralisk  
  129  7:57  Hydralisk  
  133  8:02  Zergling x4  
  135  8:11  Zerg Ground Armor Level 2  
  134  8:16  Zergling x22  
  142  8:24  Zerg Melee Weapons Level 2  
  141  8:31  Overlord x3  
  141  8:34  Drone  
  142  8:35  Spire  
  142  8:38  Zergling x16  
  149  8:42  Zergling x2  
  149  8:43  Zergling x4  
  149  8:44  Baneling x8  
  152  8:53  Zergling x6  
  152  8:54  Grooved Spines  
  155  8:57  Zergling x6  
  158  9:05  Adrenal Glands  
  158  9:07  Viper  
  158  9:08  Zergling x2  
  158  9:09  Zergling x2  
  163  9:10  Drone x2  
  163  9:11  Drone x3  
  163  9:12  Extractor  
  163  9:13  Drone  
  163  9:14  Drone x2, Extractor  
  163  9:15  Zergling x10  
  163  9:16  Baneling  
  163  9:17  Baneling x4  
  174  9:23  Zergling x2  
  174  9:24  Zergling x10  
  180  9:27  Queen  
  180  9:30  Baneling x9  
  182  9:31  Zergling x6  
  182  9:35  Baneling x3, Zergling x18  
  194  9:39  Zergling x2  
  195  9:48  Zergling x10  
  200  9:59  Baneling x4  
  197  10:00  Baneling  
  197  10:01  Baneling x7, Zergling x8  
  168  10:14  Hydralisk  
  168  10:15  Zergling x30  
  168  10:19  Baneling  
  168  10:20  Baneling  
  170  10:22  Zergling x2  
  170  10:23  Zergling x8  
  170  10:28  Zergling x10  
  180  10:32  Zergling x14  
  188  10:37  Zergling x4  
  169  10:43  Zergling x6  
  169  10:48  Hydralisk  
  169  10:49  Zergling x4  
  139  10:53  Hydralisk, Zergling x6  
Tags
 
Add a new tag
Caveats
  • Supply blocks, unpowered buildings, or Contaminate may cause inaccurate times.
  • Supply counts are checked every 10 seconds.